TOP OF THE 1ST |
New Hampshire Fisher Cats batting - Pitching for Arkansas Travelers : RHP Robbie Delgado
|
Pitching: RHP Robbie Delgado
|
|
Batting: LHB Yoshinari Nara
|
0-0: Ball 1-0: Called Strike 1-1: Called Strike 1-2: Strikes out swinging
|
Batting: LHB Sumiki Okuhara
|
0-0: Ball 1-0: SINGLE (Groundball, 4D, EV 98.1 MPH)
|
Batting: RHB Adam McGurn
|
0-0: Called Strike 0-1: Called Strike Sumiki Okuhara steals 2nd base 0-2: Foul Ball, location: 2F 0-2: Fly out, F8 (Flyball, 8RM, EV 93.8 MPH)
|
Batting: LHB Jesus Romero
|
0-0: Ball 1-0: Ball 2-0: Called Strike 2-1: Ground out 1-3 (Groundball, P, EV 64.4 MPH)
|
Top of the 1st over - 0 runs, 1 hit, 0 errors, 1 left on base; New Hampshire 0 - Arkansas 0 |
BOTTOM OF THE 1ST |
Arkansas Travelers batting - Pitching for New Hampshire Fisher Cats : RHP Edward Saunders
|
Pitching: RHP Edward Saunders
|
|
Batting: RHB Mike Alm
|
0-0: Ball 1-0: Called Strike 1-1: Ball 2-1: Ball 3-1: Swinging Strike 3-2: Strikes out swinging
|
Batting: LHB Rusty Ney
|
0-0: Ball 1-0: Ball 2-0: Ball 3-0: Base on Balls
|
Batting: RHB Luis Romero
|
0-0: Called Strike Rusty Ney steals 2nd base (no throw) 0-1: Ball 1-1: Swinging Strike 1-2: SINGLE (Line Drive, 89S, EV 105.6 MPH) Rusty Ney to third
|
Batting: LHB Tyler Meier
|
0-0: Called Strike Luis Romero is caught stealing 2nd base 2-6 0-1: Called Strike 0-2: Ball 1-2: SINGLE (Line Drive, 4D, EV 102.5 MPH) Rusty Ney scores
|
Batting: SHB Brendan Bundy
|
0-0: Ball 1-0: Foul Ball, location: 2F 1-1: Ball 2-1: Foul Ball, location: 2F 2-2: Foul Ball, location: 2F 2-2: Foul Ball, location: 2F 2-2: Ball 3-2: Fly out, F7 (Flyball, 7, EV 77.5 MPH)
|
Bottom of the 1st over - 1 run, 2 hits, 0 errors, 1 left on base; New Hampshire 0 - Arkansas 1 |
TOP OF THE 2ND |
New Hampshire Fisher Cats batting - Pitching for Arkansas Travelers : RHP Robbie Delgado
|
Batting: RHB Jordan Fairburn
|
0-0: Ball 1-0: Swinging Strike 1-1: Ball 2-1: Ground out 4-3 (Groundball, 4MD, EV 78.8 MPH)
|
Batting: RHB Mike Strey
|
0-0: Swinging Strike 0-1: Ball 1-1: Called Strike 1-2: Ball 2-2: Foul Ball, location: 2F 2-2: SINGLE (Groundball, 6D, EV 105.0 MPH)
|
Batting: RHB Francisco Hernandez
|
0-0: Swinging Strike 0-1: Ball 1-1: Called Strike 1-2: Ball 2-2: Ball 3-2: Fielders Choice at 2nd, 4-6 (Groundball, 4MS, EV 91.2 MPH)
|
Batting: RHB Cyril Husson
|
0-0: Called Strike 0-1: Ball 1-1: Called Strike 1-2: Ball 2-2: Ball 3-2: SINGLE (Line Drive, 34D, EV 94.4 MPH) Francisco Hernandez to second Francisco Hernandez to third
|
Batting: RHB Darren McCarty Jr.
|
0-0: Foul Ball, location: 2F 0-1: Foul Ball, location: 2F 0-2: Ball 1-2: Foul Ball, location: 2F 1-2: Ball 2-2: SINGLE (Groundball, 6MD, EV 101.9 MPH) Francisco Hernandez scores Cyril Husson to second Runner from 2nd tries for 3rd, SAFE, throw by CF made at trailing runner, OUT! 8-4
|
Top of the 2nd over - 1 run, 3 hits, 0 errors, 1 left on base; New Hampshire 1 - Arkansas 1 |
BOTTOM OF THE 2ND |
Arkansas Travelers batting - Pitching for New Hampshire Fisher Cats : RHP Edward Saunders
|
Batting: RHB Jose Pineda
|
0-0: Ball 1-0: Called Strike 1-1: Ground out 1-3 (Groundball, 13, EV 68.8 MPH)
|
Batting: SHB Ivan Barry
|
0-0: Ground out U3 (Groundball, 34S, EV 90.6 MPH)
|
Batting: RHB Tsega Haida
|
0-0: Fly out, F7 (Line Drive, 7S, EV 88.8 MPH)
|
Bottom of the 2nd over - 0 runs, 0 hits, 0 errors, 0 left on base; New Hampshire 1 - Arkansas 1 |
TOP OF THE 3RD |
New Hampshire Fisher Cats batting - Pitching for Arkansas Travelers : RHP Robbie Delgado
|
Batting: LHB Yoshinari Nara
|
0-0: Ball 1-0: Ball 2-0: Called Strike 2-1: Ball 3-1: Base on Balls
|
Batting: LHB Sumiki Okuhara
|
0-0: Ball 1-0: Ball 2-0: Foul Ball, location: 2F 2-1: Ball 3-1: Fielders Choice at 2nd, 2-6 (Groundball, 13S, EV 65.6 MPH)
|
Batting: RHB Adam McGurn
|
0-0: Called Strike 0-1: Foul Ball, location: 2F 0-2: Foul Ball, location: 2F 0-2: Ball 1-2: Grounds into double play, 6-4-3 (Groundball, 6, EV 85.6 MPH)
|
Top of the 3rd over - 0 runs, 0 hits, 0 errors, 0 left on base; New Hampshire 1 - Arkansas 1 |
BOTTOM OF THE 3RD |
Arkansas Travelers batting - Pitching for New Hampshire Fisher Cats : RHP Edward Saunders
|
Batting: LHB Sean Corderman
|
0-0: Ball 1-0: Swinging Strike 1-1: Foul Ball, location: 2F 1-2: Ground out 6-3 (Groundball, 4MD, EV 84.4 MPH)
|
Batting: RHB Mike Alm
|
0-0: Called Strike 0-1: Foul Ball, location: 2F 0-2: Fly out, F3 (Flyball, 3D, EV 94.4 MPH)
|
Batting: LHB Rusty Ney
|
0-0: Ball 1-0: Swinging Strike 1-1: Foul Ball, location: 2F 1-2: Ball 2-2: Ball 3-2: Base on Balls
|
Batting: RHB Luis Romero
|
0-0: Ball 1-0: Swinging Strike 1-1: Ball 2-1: Foul Ball, location: 2F 2-2: TRIPLE (Line Drive, 89XD, EV 100.0 MPH) Rusty Ney scores
|
Batting: LHB Tyler Meier
|
0-0: Ball 1-0: Ground out 1-3 (Groundball, 34S, EV 75.0 MPH)
|
Bottom of the 3rd over - 1 run, 1 hit, 0 errors, 1 left on base; New Hampshire 1 - Arkansas 2 |
TOP OF THE 4TH |
New Hampshire Fisher Cats batting - Pitching for Arkansas Travelers : RHP Robbie Delgado
|
Batting: LHB Jesus Romero
|
0-0: Ball 1-0: Ball 2-0: Ball 3-0: Called Strike 3-1: Ground out 3-1 (Groundball, 34, EV 100.6 MPH)
|
Batting: RHB Jordan Fairburn
|
0-0: Ball 1-0: Called Strike 1-1: Ball 2-1: Ball 3-1: Foul Ball, location: 2F 3-2: Strikes out swinging
|
DELAY
|
Rain delay of 19 minutes in the 4th inning.
|
Batting: RHB Mike Strey
|
0-0: DOUBLE (Line Drive, 78D, EV 110.6 MPH)
|
Batting: RHB Francisco Hernandez
|
0-0: Called Strike 0-1: Foul Ball, location: 2F 0-2: Foul Ball, location: 2F 0-2: Foul Ball, location: 2F 0-2: Foul Ball, location: 2F 0-2: Fly out, F7 (Flyball, 7LS, EV 97.5 MPH)
|
Top of the 4th over - 0 runs, 1 hit, 0 errors, 1 left on base; New Hampshire 1 - Arkansas 2 |
BOTTOM OF THE 4TH |
Arkansas Travelers batting - Pitching for New Hampshire Fisher Cats : RHP Edward Saunders
|
Batting: SHB Brendan Bundy
|
0-0: Ball 1-0: Swinging Strike 1-1: Called Strike 1-2: Ball 2-2: Ground out 4-3 (Groundball, 4, EV 104.4 MPH)
|
Batting: RHB Jose Pineda
|
0-0: SINGLE (Groundball, 6M, EV 85.0 MPH) (infield hit)
|
Batting: SHB Ivan Barry
|
0-0: Called Strike Jose Pineda steals 2nd base 0-1: Ball 1-1: Swinging Strike 1-2: Strikes out swinging
|
Batting: RHB Tsega Haida
|
0-0: Ball 1-0: Ball 2-0: TRIPLE (Flyball, 89XD, EV 93.1 MPH) Jose Pineda scores
|
Batting: LHB Sean Corderman
|
0-0: Foul Ball, location: 2F 0-1: Called Strike 0-2: Strikes out swinging
|
Bottom of the 4th over - 1 run, 2 hits, 0 errors, 1 left on base; New Hampshire 1 - Arkansas 3 |
TOP OF THE 5TH |
New Hampshire Fisher Cats batting - Pitching for Arkansas Travelers : RHP Robbie Delgado
|
Batting: RHB Cyril Husson
|
0-0: Ball 1-0: Called Strike 1-1: Ball 2-1: Ball 3-1: Called Strike 3-2: Strikes out swinging
|
Batting: RHB Darren McCarty Jr.
|
0-0: Ball 1-0: Called Strike 1-1: Foul Ball, location: 2F 1-2: Ball 2-2: Ball 3-2: Strikes out looking
|
Batting: LHB Yoshinari Nara
|
0-0: Ball 1-0: Ball 2-0: Ground out U3 (Groundball, 34S, EV 82.5 MPH)
|
Top of the 5th over - 0 runs, 0 hits, 0 errors, 0 left on base; New Hampshire 1 - Arkansas 3 |
BOTTOM OF THE 5TH |
Arkansas Travelers batting - Pitching for New Hampshire Fisher Cats : RHP Edward Saunders
|
Batting: RHB Mike Alm
|
0-0: Swinging Strike 0-1: Swinging Strike 0-2: Strikes out swinging
|
Batting: LHB Rusty Ney
|
0-0: Ball 1-0: Called Strike 1-1: Called Strike 1-2: Ball 2-2: Strikes out swinging
|
Batting: RHB Luis Romero
|
0-0: Fly out, F9 (Flyball, 89M, EV 81.9 MPH)
|
Bottom of the 5th over - 0 runs, 0 hits, 0 errors, 0 left on base; New Hampshire 1 - Arkansas 3 |
TOP OF THE 6TH |
New Hampshire Fisher Cats batting - Pitching for Arkansas Travelers : RHP Robbie Delgado
|
Batting: LHB Sumiki Okuhara
|
0-0: Ball 1-0: Called Strike 1-1: Ball 2-1: Ball 3-1: Swinging Strike 3-2: Strikes out swinging
|
Pitching: RHP Eric Cunningham
|
|
Batting: RHB Adam McGurn
|
0-0: SINGLE (Groundball, 6D, EV 99.4 MPH)
|
Batting: LHB Jesus Romero
|
0-0: Called Strike 0-1: Foul Ball, location: 2F 0-2: Foul Ball, location: 2F 0-2: Foul Ball, location: 2F 0-2: Ball 1-2: Foul Ball, location: 2F 1-2: Foul Ball, location: 2F 1-2: SINGLE (Line Drive, 9S, EV 91.9 MPH) Adam McGurn to second Adam McGurn to third
|
Batting: RHB Jordan Fairburn
|
0-0: Called Strike Jesus Romero steals 2nd base 0-1: Ball 1-1: Foul Ball, location: 2F 1-2: Foul Ball, location: 2F 1-2: Ball 2-2: Ball 3-2: Ground out 5-3 (Groundball, 56, EV 108.8 MPH) Adam McGurn scores
|
Batting: RHB Mike Strey
|
0-0: Ball 1-0: Foul Ball, location: 2F 1-1: Ball 2-1: Swinging Strike 2-2: Fly out, F9 (Flyball, 89S, EV 86.2 MPH)
|
Top of the 6th over - 1 run, 2 hits, 0 errors, 1 left on base; New Hampshire 2 - Arkansas 3 |
BOTTOM OF THE 6TH |
Arkansas Travelers batting - Pitching for New Hampshire Fisher Cats : RHP Edward Saunders
|
Batting: LHB Tyler Meier
|
0-0: Ball 1-0: Foul Ball, location: 2F 1-1: Swinging Strike 1-2: Ball 2-2: Foul Ball, location: 2F 2-2: Foul Ball, location: 2F 2-2: Foul Ball, location: 2F 2-2: Ball 3-2: Strikes out swinging
|
Batting: SHB Brendan Bundy
|
0-0: Foul Ball, location: 2F 0-1: Ball 1-1: Swinging Strike 1-2: Ball 2-2: Foul Ball, location: 2F 2-2: Ball 3-2: Strikes out looking
|
Batting: RHB Jose Pineda
|
0-0: Ball 1-0: Swinging Strike 1-1: Fly out, F8 (Flyball, 78M, EV 77.5 MPH)
|
Bottom of the 6th over - 0 runs, 0 hits, 0 errors, 0 left on base; New Hampshire 2 - Arkansas 3 |
TOP OF THE 7TH |
New Hampshire Fisher Cats batting - Pitching for Arkansas Travelers : RHP Eric Cunningham
|
Batting: RHB Francisco Hernandez
|
0-0: Ball 1-0: Foul Ball, location: 2F 1-1: Ball 2-1: Ball 3-1: Ground out 5-3 (Groundball, 25, EV 90.0 MPH)
|
Batting: RHB Cyril Husson
|
0-0: Ball 1-0: Ground out 6-3 (Groundball, 56, EV 103.8 MPH)
|
Batting: RHB Darren McCarty Jr.
|
0-0: Called Strike 0-1: Called Strike 0-2: Ball 1-2: Strikes out swinging
|
Top of the 7th over - 0 runs, 0 hits, 0 errors, 0 left on base; New Hampshire 2 - Arkansas 3 |
BOTTOM OF THE 7TH |
Arkansas Travelers batting - Pitching for New Hampshire Fisher Cats : RHP Edward Saunders
|
Batting: SHB Ivan Barry
|
0-0: Ball 1-0: Swinging Strike 1-1: Fly out, F7 (Line Drive, 7, EV 102.5 MPH)
|
Batting: RHB Tsega Haida
|
0-0: Called Strike 0-1: Fly out, F8 (Flyball, 8RXD, EV 92.5 MPH)
|
Batting: LHB Sean Corderman
|
0-0: Foul Ball, location: 2F 0-1: Ball 1-1: Foul Ball, location: 2F 1-2: Strikes out swinging
|
Bottom of the 7th over - 0 runs, 0 hits, 0 errors, 0 left on base; New Hampshire 2 - Arkansas 3 |
TOP OF THE 8TH |
New Hampshire Fisher Cats batting - Pitching for Arkansas Travelers : RHP Eric Cunningham
|
Pitching: RHP Jose Alvarado
|
|
Batting: LHB Yoshinari Nara
|
0-0: Ball 1-0: Swinging Strike 1-1: Swinging Strike 1-2: Ball 2-2: Foul Ball, location: 2F 2-2: Ball 3-2: Strikes out looking
|
Batting: LHB Sumiki Okuhara
|
0-0: Called Strike 0-1: Swinging Strike 0-2: Ground out 4-3 (Groundball, 34S, EV 90.6 MPH)
|
Batting: RHB Adam McGurn
|
0-0: Ball 1-0: Foul Ball, location: 2F 1-1: Ball 2-1: Foul Ball, location: 2F 2-2: Foul Ball, location: 2F 2-2: Foul Ball, location: 2F 2-2: Foul Ball, location: 2F 2-2: Ball 3-2: Fly out, F9 (Flyball, 89M, EV 97.5 MPH)
|
Top of the 8th over - 0 runs, 0 hits, 0 errors, 0 left on base; New Hampshire 2 - Arkansas 3 |
BOTTOM OF THE 8TH |
Arkansas Travelers batting - Pitching for New Hampshire Fisher Cats : RHP Edward Saunders
|
Batting: RHB Mike Alm
|
0-0: Fly out, F5 (Flyball, 5D, EV 87.5 MPH)
|
Batting: LHB Rusty Ney
|
0-0: Ground out 5-3 (Groundball, 6S, EV 73.1 MPH)
|
Batting: RHB Luis Romero
|
0-0: Called Strike 0-1: Called Strike 0-2: Ball 1-2: Ball 2-2: Strikes out swinging
|
Bottom of the 8th over - 0 runs, 0 hits, 0 errors, 0 left on base; New Hampshire 2 - Arkansas 3 |
TOP OF THE 9TH |
New Hampshire Fisher Cats batting - Pitching for Arkansas Travelers : RHP Jose Alvarado
|
Pitching: LHP Jose Rivera
|
|
Batting: LHB Jesus Romero
|
0-0: Ground out 4-3 (Groundball, 34S, EV 85.6 MPH)
|
Batting: RHB Jordan Fairburn
|
0-0: Ball 1-0: Foul Ball, location: 2F 1-1: Foul Ball, location: 2F 1-2: Strikes out swinging
|
Batting: RHB Mike Strey
|
0-0: Foul Ball, location: 2F 0-1: Ball 1-1: SINGLE (Groundball, 56D, EV 95.6 MPH)
|
Batting: RHB Francisco Hernandez
|
0-0: Swinging Strike 0-1: Ball 1-1: Swinging Strike 1-2: Foul Ball, location: 2F 1-2: Foul Ball, location: 2F 1-2: SINGLE (Flyball, 89S, EV 96.2 MPH) Mike Strey to second Runner from 2nd tries for 3rd, SAFE, throw by RF made to third
|
Batting: RHB Cyril Husson
|
0-0: Called Strike 0-1: Ball 1-1: Fly out, F7 (Flyball, 7S, EV 81.9 MPH)
|
Top of the 9th over - 0 runs, 2 hits, 0 errors, 2 left on base; New Hampshire 2 - Arkansas 3 |
|